 Dungeon Crawl Stone Soup version 0.27.1 (webtiles) character file.

Game seed: 3035369212012988486

52 funkygono the Firebug (level 3, -2/19 HPs)
             Began as a Gargoyle Fire Elementalist on Aug 21, 2021.
             Slain by a kobold (5 damage)
             ... on level 2 of the Dungeon.
             The game lasted 00:03:39 (1540 turns).

funkygono the Firebug (Gargoyle Fire Elementalist)  Turns: 1540, Time: 00:03:40

Health: -2/19      AC:  5    Str: 11    XL:     3   Next: 85%
Magic:  4/6        EV: 12    Int: 16    God:
Gold:   25         SH:  0    Dex: 10    Spells: 3/7 levels left

rFire    . . .     SeeInvis .   f - +0 club
rCold    . . .     Faith    .   (no shield)
rNeg     + . .     Spirit   .   a - +0 robe
rPois    ∞         Reflect  .   (no helmet)
rElec    +         Harm     .   (no cloak)
rCorr    .         Rampage  .   (no gloves)
Will     .....                  (no boots)
Stlth    ++........             (no amulet)
HPRegen  0.06/turn              (no ring)
MPRegen  0.10/turn              (no ring)

@: no status effects
A: sickness immunity, AC +3, negative energy resistance 1, electricity
resistance, torment resistance 1, petrification resistance
a: no special abilities


You were on level 2 of the Dungeon.
You visited 1 branch of the dungeon, and saw 2 of its levels.

You collected 25 gold pieces.

Inventory:

Hand Weapons
 f - a +0 club (weapon)
Missiles
 h - 29 stones (quivered)
Armour
 a - a +0 robe (worn)
 d - a +0 buckler
 g - a +0 leather armour
Scrolls
 e - a scroll of teleportation
Potions
 b - a potion of lignification {unknown}
 c - a potion of mutation {unknown}


   Skills:
 + Level 1.6 Dodging
 - Level 2.1 Stealth
 * Level 2.6 Spellcasting
 * Level 1.4 Conjurations
 * Level 4.1 Fire Magic


You had 3 spell levels left.
You knew the following spells:

 Your Spells              Type           Power      Damage    Failure   Level
a - Foxfire               Conj/Fire      40%        2x1d6     6%          1
b - Conjure Flame         Conj/Fire      10%        6-21      19%         3

Your spell library contained the following spells:

 Spells                   Type           Power      Damage    Failure   Level
 Inner Flame              Hex/Fire       8%         N/A       26%         3
 Sticky Flame             Conj/Fire      10%        2d3       52%         4
 Fireball                 Conj/Fire      5%         3d5       86%         5


Dungeon Overview and Level Annotations

Branches:
Dungeon (2/15)

Altars:

Annotations:
D:2 Sigmund


Innate Abilities, Weirdness & Mutations

You are immune to sickness and miasma.
Your stone body is resilient. (AC +3)
You are immune to poison.
You resist negative energy. (rN+)
You are resistant to electric shocks. (rElec)
You are resistant to unholy torment.
You are immune to petrification.


Message History

The adder is moderately wounded.
Sigmund gestures at you while chanting. The magic dart hits you.
The adder bites you. The adder bites you but does no damage.
Your magical contamination has completely faded away.
The adder barely misses you.
Sigmund mumbles some strange words.
Sigmund flickers and vanishes!
Deactivating autopickup; reactivate with Ctrl-A.
The adder closely misses you.
Found 25 stones, 2 throwing nets, a dark potion and a purple potion.
The adder barely misses you.
You see here a worm corpse.
The adder bites you. The adder bites you. The adder barely misses you.
Casting: Foxfire (safe; 6% risk of failure)
Confirm with . or Enter, or press ? or * to list all spells.
You conjure some foxfire!
The adder barely misses you.
The foxfire hits the adder.
The adder is moderately wounded.
The foxfire hits the adder.
The adder is heavily wounded.
The adder bites you but does no damage. x2
You hit the adder.
The adder is almost dead.
The adder barely misses you. x2; Something hits you.
You closely miss the adder.
The adder is almost dead.
The adder barely misses you. Something hits you.
* * * LOW HITPOINT WARNING * * *
You hit the adder.
You kill the adder!
Your Fire Magic skill increases to level 4!
Casting: Foxfire (safe; 6% risk of failure)
Confirm with . or Enter, or press ? or * to list all spells.
You conjure some foxfire!
The kobold hits you with a +0 short sword.
You die...

..#####.##.##.#..#..############
#.#..##.##...## #.......[##.##
###.###.##...# #.# #.###†## #.#
#.# #.# #######.###.###.#
.............v#K##
.##...........@v.#
.....##.#####..#.#
.##..#...####..#.#
#..............#
#.##...####..#.# # ##..........#
###.....÷#.##.# #.###..<....# #
#..#.#..#


You could see a kobold (ally target).

Vanquished Creatures
  An adder (D:2)
  2 worms (D:2)
  6 ball pythons
  3 endoplasms (D:1)
  2 giant cockroaches
  2 goblins (D:1)
  5 hobgoblins
  4 jackals (D:1)
  A quokka (D:1)
  3 bats (D:2)
  A frilled lizard (D:2)
  3 kobolds (D:1)
33 creatures vanquished.

Vanquished Creatures (others)
  An endoplasm (D:1)
  A goblin (D:1)
  A hobgoblin (D:1)
  90 foxfires
  4 plants (D:1)
97 creatures vanquished.

Grand Total: 130 creatures vanquished

Notes
Turn   | Place    | Note
-------+----------+-------------------------------------------
     0 | D:1      | funkygono the Gargoyle Fire Elementalist began the quest
                  | for the Orb.
     0 | D:1      | Reached XP level 1. HP: 10/10 MP: 3/3
   163 | D:1      | Reached XP level 2. HP: 14/15 MP: 0/5
   565 | D:1      | Found a faded altar of an unknown god.
   678 | D:1      | Reached XP level 3. HP: 19/19 MP: 4/6
  1178 | D:1      | Learned a level 3 spell: Conjure Flame
  1496 | D:2      | Noticed Sigmund
  1537 | D:2      | Reached skill level 4 in Fire Magic
  1540 | D:2      | Slain by a kobold

Illustrated notes

Levels and vault maps discovered:
D:1:      lemuel_arrival_lava_pool, layout_rooms, serial_forest,
          infiniplex_forest_straight_2, infiniplex_forest_pool,
          infiniplex_forest_clump_tiny, infiniplex_forest_clump_medium,
          infiniplex_forest_lined_4_way, infiniplex_forest_end_3,
          infiniplex_forest_clump_double, shapermc_ecumenical_altar_venn,
          lemuel_flame_loot_1
D:2:      minmay_spotlight, layout_loops_ring, uniq_sigmund

Skill      XL: |  1  2  3 |
---------------+----------+-----
Fire Magic     | 4 |  4.1
Dodging        | |  1.6
Stealth        | |  2.1
Spellcasting   | |  2.6
Conjurations   | |  1.4

Action                   || total
-------------------------++-------
Melee: Unarmed           ||     1
       Club              ||     9
 Cast: Foxfire           ||    52
  Use: Scroll            ||     1
Armor: Robe              ||     9
Dodge: Dodged            ||    21
